[Event "Djerba Festival Open-A 2024"]
[Site "Djerba"]
[Date "2024.02.22"]
[Round "5.1"]
[White "Abbes, Ali"]
[Black "Rudzinska, Michalina"]
[Result "0-1"]
[ECO "A04"]
[WhiteElo "2218"]
[BlackElo "2241"]
[Annotator "TA"]
[PlyCount "150"]
[EventDate "2024.02.18"]
[EventType "swiss"]
[EventCountry "TUN"]
[SourceTitle "playchess.com"]
[Source "ChessBase"]
[SourceQuality "1"]
[TimeControl "5400+30"]

1. Nf3 Nf6 2. g3 b6 3. Bg2 Bb7 4. O-O c5 5. d3 d5 6. c4 g6 7. Ne5 Nbd7 8. Qa4 $1 {[%emt 0:00:20] White is slightly better.} Qc8 9. cxd5 (9. Bg5 $16 {aiming for Bh3.} Bg7 10. Nc3) 9... Bxd5 10. e4 Bb7 11. Bh3 {[%emt 0:07:48] Black must now prevent Bg5.} (11. Nd2 {simplifies} a6 12. Nxd7 Nxd7 13. Qb3) 11... e6 12. Bg5 Bg7 13. Nc3 O-O 14. Nc4 Bc6 15. Qb3 h6 16. Bf4 Nh5 17. Bd6 Re8 18. Nb5 ({Better is} 18. e5 $16) 18... Bxb5 $11 19. Qxb5 a6 $1 20. Qb3 b5 21. Ne3 (21. Nd2 $11) 21... Ne5 (21... Qd8 $15) 22. f4 (22. Bg2 $14) 22... c4 23. dxc4 Nxc4 24. Nxc4 bxc4 25. Qc2 Bd4+ 26. Kh1 Qc6 27. Ba3 Nf6 28. Bg2 e5 29. Rac1 Ng4 30. Qe2 Ne3 $36 {[%emt 0:00:33][%mdl 2048] Black has some pressure.} 31. Rf3 (31. Rfe1 $15) 31... exf4 $1 $19 (31... Qxe4 32. Rf2 Qd3 (32... Qf5 33. fxe5 Qd7 34. Bxa8 $16) 33. Bxa8 Rxa8 34. fxe5 $16 (34. Qxd3 cxd3 35. fxe5 Ng4 $11)) 32. gxf4 $2 (32. Rxf4 Rad8 33. Qf3) 32... Nxg2 (32... Rxe4 33. Rxe3 Bxe3 34. Qxe3 (34. Bxe4 $2 Qxe4+ 35. Qg2 Qxg2+ 36. Kxg2 Bxc1 $19) 34... Rxe3 35. Bxc6 $16) (32... Qxe4 33. Rf2 Nxg2 34. Qxe4 Rxe4 35. Rxg2 $19) 33. Kxg2 Rxe4 (33... Qxe4 34. Qxe4 Rxe4 35. Rxc4 $17) 34. Qxc4 Qd7 {[%emt 0:04:01] Strongly threatening ...Rae8.} 35. f5 (35. Qc6 $142 Qg4+ 36. Rg3 Re2+ (36... Qxf4 $2 37. Qxa8+ Kh7 38. Rc2 $19) (36... Qe2+ $2 37. Kh1 $19) 37. Kh1) 35... Rae8 (35... gxf5 36. Qc6 Re2+ 37. Kf1 Qxc6 38. Rxc6 Rxh2 39. Rxf5 $15) 36. Qc6 Re2+ 37. Kh1 Qxc6 $2 (37... Re1+ 38. Kg2 R8e2+ 39. Kh3 Be5 (39... Qxc6 $2 40. Rxc6 g5 41. Rxh6 $19) 40. Qc8+ Kh7 (40... Qxc8 $2 41. Rxc8+ Kg7 42. Bf8+ Kh7 43. fxg6+ Kxg6 44. Rc6+ f6 45. Rg3+ Bxg3 46. Kxg3 $19)) 38. Rxc6 Rd2 (38... Bxb2 39. fxg6 f6 40. Bxb2 (40. Rxa6 Rd2 $17) 40... Rxb2 41. Rcxf6 $17) (38... Re1+ $19 {has better winning chances.} 39. Kg2 g5) 39. Rc1 (39. Rf1 $17) 39... Ree2 (39... Bxb2 40. Bxb2 Rxb2 41. fxg6 fxg6 42. Rf6) 40. Bd6 (40. Rh3) 40... Bxb2 (40... Rxb2 41. fxg6 f6 (41... fxg6 42. Rf8+ Kh7 43. Rf7+ Bg7 44. Ra7 $11) 42. h4 $17) (40... g5 41. Rff1 $19) 41. fxg6 fxg6 (41... Bxc1 $2 42. gxf7+ Kh7 43. f8=Q $18 (43. f8=B $2 Re1+)) (41... f6 $19 42. Rc8+ Kg7 43. Bf8+ Kxg6) 42. Rf8+ $11 Kh7 43. Rf7+ Bg7 44. Bf8 Rxh2+ 45. Kg1 Rdg2+ 46. Kf1 Kg8 47. Rxg7+ Kxf8 {[%emt 0:00:06][%mdl 4096] Endgame. KRR-KRR} 48. Rcc7 Rf2+ 49. Kg1 Rfg2+ 50. Kf1 Rd2 51. Rcf7+ $2 (51. Kg1 $11 {and White is okay.}) 51... Ke8 $19 52. Re7+ Kd8 53. Kg1 {[%emt 0:00:30] Wards off Rh1+} Rdg2+ (53... Rxa2 54. Rd7+ Ke8 55. Rb7 Rhg2+ (55... Rag2+ 56. Kf1 $11) 56. Kf1 Raf2+ 57. Ke1 Re2+ 58. Kd1 $11) 54. Kf1 {[%emt 0:00:10] [#]} Rc2 $1 (54... Rxa2 55. Rd7+ Ke8 56. Rde7+ Kf8 (56... Kd8 57. Rd7+ Ke8 58. Rde7+ Kf8 59. Rgf7+ Kg8 60. Rg7+ Kf8 61. Rgf7+ Kg8 62. Rg7+ Kh8 63. Rh7+ Kg8 64. Rhg7+ $11) 57. Rgf7+ Kg8 58. Rg7+ Kh8 59. Rh7+ Kg8 60. Rhg7+ Kf8 (60... Kh8 61. Rh7+ Kg8 62. Rhg7+ $11) 61. Rgf7+ Kg8 62. Rg7+ $11) 55. Rd7+ Kc8 56. Kg1 {[%emt 0:00:21] Against Rh1+} Rcg2+ (56... Rxa2 57. Ra7 Kb8 58. Rgb7+ Kc8 59. Rc7+ Kb8 (59... Kd8 60. Rh7 $11) 60. Rcb7+ (60. Rab7+ Ka8 $11) 60... Kc8 61. Rh7 Rhg2+ 62. Kf1 Rgf2+ 63. Ke1 Rfe2+ 64. Kd1 Red2+ 65. Ke1 Re2+ 66. Kd1 $11) 57. Kf1 {[%emt 0:00:12] [#]} Rb2 $1 (57... Rxa2 58. Rc7+ Kd8 59. Rgd7+ Ke8 60. Re7+ Kf8 61. Rf7+ Kg8 (61... Ke8 62. Rfe7+ Kd8 63. Rcd7+ Kc8 64. Rc7+ Kb8 65. Rb7+ Ka8 66. Ra7+ Kb8 67. Rab7+ Kc8 68. Rbc7+ Kb8 69. Rb7+ $11) 62. Rg7+ Kh8 (62... Kf8 63. Rcf7+ Ke8 64. Re7+ Kd8 65. Rd7+ Kc8 66. Rc7+ Kd8 67. Rgd7+ Ke8 68. Re7+ Kd8 69. Rcd7+ Kc8 70. Rc7+ Kb8 71. Rb7+ Kc8 72. Rbc7+ Kd8 73. Rcd7+ Kc8 74. Rc7+ $11) 63. Rh7+ Kg8 64. Rhg7+ Kh8 (64... Kf8 65. Rcf7+ Ke8 66. Re7+ Kf8 67. Rgf7+ Kg8 68. Rg7+ Kf8 69. Ref7+ Ke8 70. Re7+ Kd8 71. Rd7+ Kc8 72. Rc7+ Kd8 73. Rgd7+ Ke8 74. Re7+ Kd8 75. Red7+ $11) 65. Rh7+ Kg8 66. Rhg7+ $11) 58. Rc7+ Kb8 59. Kg1 {[%emt 0:00:28] Against Rh1+} Rhd2 ({Weaker is} 59... Rxa2 60. Rb7+ Ka8 (60... Kc8 61. Rgc7+ Kd8 62. Rf7 $11) 61. Ra7+ Kb8 62. Rgb7+ Kc8 63. Rf7 $11) 60. Rc1 {[%emt 0:01:14] Repels Rd1+} g5 (60... Rxa2 61. Rg8+ Ka7 62. Rg7+ Kb8 63. Rg8+ Ka7 64. Rg7+ Kb8 $11) 61. a4 a5 62. Rf7 Rdc2 $2 (62... Rd4 $19 {Hoping for ...Rg4+.} 63. Re1 Rb7 (63... Rxa4 64. Re8#) (63... Rg4+ $2 64. Kf1 $19)) 63. Re1 $2 ({Only move:} 63. Rxc2 $1 $15 Rxc2 64. Rf5) 63... Rc7 $2 (63... Ra2 $19 64. Rb1+ Kc8) 64. Rf5 $15 Kb7 {[%emt 0:00:34] ...Ka6 is the strong threat.} 65. Rxa5 g4 66. Rh5 Rc6 67. Rh4 Rg6 68. Re7+ Ka6 69. Rh7 Rbb6 70. Kg2 g3 71. Rh1 (71. Rh5 $11) 71... Rb2+ 72. Kh3 Rf2 {[%emt 0:01:04] ( -> ...g2)} 73. Rh8 $2 (73. Re7 $15) 73... g2 {[%emt 0:00:52][%cal Rg2h1] Black mates.} 74. Rg1 Rf5 75. Kh4 Rf1 {[%emt 0:00:10] Weighted Error Value: White=0.53/Black=0.27 (precise) .  Loses game:     	White=5     	---        Missed win:     	---       	Black=3      Mistake:       	White=10    	Black=1      Inaccurate:     	White=1     	Black=2      OK:         	White=26    	Black=15     Best:        	White=3     	Black=16     Strong:       	White=1     	Black=4} 0-1

[Event "Djerba Festival Open-A 2024"]
[Site "Djerba"]
[Date "2024.02.22"]
[Round "5.2"]
[White "Domenech, Vianney"]
[Black "Defromont, Benjamin"]
[Result "0-1"]
[ECO "C02"]
[WhiteElo "2254"]
[BlackElo "2423"]
[Annotator "TA"]
[PlyCount "72"]
[EventDate "2024.02.18"]
[EventType "swiss"]
[EventCountry "TUN"]
[SourceTitle "playchess.com"]
[Source "ChessBase"]
[SourceQuality "1"]
[TimeControl "5400+30"]

1. d4 e6 2. Nf3 c5 3. c3 Nc6 4. e4 cxd4 5. cxd4 d5 6. e5 Nge7 7. Be2 Nf5 8. O-O (8. Nc3 $11 {keeps the balance.}) 8... Qb6 $17 9. Re1 {[%emt 0:07:32] Black is better.} Nfxd4 {[%emt 0:02:21] Black is more active.} (9... Ncxd4 10. Nxd4 Nxd4 11. Nc3 $15) 10. Bf1 Be7 11. Nc3 O-O 12. Nxd4 Qxd4 13. Bd3 a6 $1 {[%emt 0:12:22][%cal Ob7b5] Inhibits Nb5.} (13... Nxe5 $2 14. Bxh7+ Kxh7 15. Qxd4 $18) 14. Re3 f5 (14... Nxe5 $2 15. Bxh7+ Kxh7 16. Qxd4 $18) 15. exf6 Rxf6 ({Don't play} 15... Bxf6 16. Rh3 h6 17. Be3 $15) ({Resist} 15... Qxf6 16. Rf3 Qe5 17. Rh3 $17) 16. Rh3 {[%emt 0:04:01][%cal Oc1e3] [#] Strongly threatening Be3!} Qxf2+ 17. Kh1 h6 18. Be3 {[%emt 0:00:34] Inhibits Bc5.} Qxb2 19. Na4 Qe5 {[%emt 0:04:09] ...d4 would now be deadly.} 20. Nb6 Rb8 21. Rb1 (21. Rc1 $17 {was necessary.}) 21... Qd6 $19 22. Qh5 (22. Rg3 $17 {was worth a try.}) 22... Bd7 23. Rg3 (23. Nxd7 {was called for.} Qxd7 24. Rg3) 23... Be8 24. Qg4 Bf8 25. Qh4 Qd8 26. Qh3 (26. Bxh6 $2 {is the wrong capture.} Rf1+ 27. Rxf1 Qxh4 $19) (26. Bf4 {might work better.}) 26... Bd6 27. Rf3 Ne5 28. Rxf6 Qxf6 (28... gxf6 29. Qxe6+ Bf7 30. Qf5 Nxd3 31. Nd7 $11) 29. Rf1 Qe7 30. Bb1 Bg6 31. Bd4 Bxb1 32. Rxb1 Nc6 33. Be3 Qf7 34. Kg1 Rf8 {[%emt 0:00:12] [#] And now ...d4 would win.} 35. Re1 d4 36. Bd2 Qf2+ {[%emt 0:00:05] Weighted Error Value: White=0.67/Black=0.11 (very precise) .  Mistake:       	White=5     	---        Inaccurate:     	White=7     	---        OK:         	White=11    	Black=15     Best:        	White=2     	Black=2} 0-1

[Event "Djerba Festival Open-A 2024"]
[Site "Djerba"]
[Date "2024.02.22"]
[Round "5.3"]
[White "Eden, James"]
[Black "Djabri, Massinas"]
[Result "0-1"]
[ECO "B90"]
[WhiteElo "2319"]
[BlackElo "2238"]
[Annotator "TA"]
[PlyCount "56"]
[EventDate "2024.02.18"]
[EventType "swiss"]
[EventCountry "TUN"]
[SourceTitle "playchess.com"]
[Source "ChessBase"]
[SourceQuality "1"]
[TimeControl "5400+30"]

1. e4 c5 2. Nf3 d6 3. d4 cxd4 4. Nxd4 Nf6 5. Nc3 a6 6. a3 e5 7. Nf5 d5 8. Bg5 $1 d4 {[%emt 0:00:23] The position is equal.} 9. Bxf6 $1 gxf6 10. Nb1 Be6 11. Nd2 Nc6 12. Bd3 Qc7 13. Qf3 O-O-O 14. O-O h5 15. b4 Na7 16. Qe2 (16. Rac1 $11) 16... Kb8 17. b5 {[%emt 0:21:09] [#] This costs White the game.} ({White should play} 17. Rfd1 $15) 17... Nxb5 $1 $19 18. Bxb5 axb5 19. Qxb5 Qxc2 20. Rab1 Rd7 {[%emt 0:03:06] Active counter play!} (20... Qxd2 21. Qxb7#) 21. Rfc1 $2 (21. Rfd1 Rc7 (21... Bxa3 22. Qa5 $15) 22. h3) 21... Qxd2 22. Rc6 {[%emt 0:00:16][%cal Oc6e6] And now Rxe6! would win.} Bxa3 (22... Bxf5 $19 {has better winning chances.} 23. exf5 Qa2 (23... Bxa3 $2 {loses.} 24. Rb6 $18)) 23. Rb6 {[%emt 0:11:41] [#]} (23. Rxe6 $17 Rc8 24. Re8) 23... Bb4 $1 24. Ng3 {[%emt 0:10:25] [#]} Rc8 $1 25. Rxb4 Rcc7 (25... Qe1+ 26. Nf1 Rcc7 (26... Qxe4 27. Rxe6 fxe6 28. Qxd7 $18) 27. Rb1) 26. Qa6 $2 (26. Nf1 Qc2 27. Ra4) 26... d3 {[%emt 0:02:16] ( -> ...Rc1+). Black is clearly winning.} 27. h4 {[%emt 0:04:26] [#]} Qxb4 28. Rxb4 d2 {[%emt 0:00:05] Weighted Error Value: White=0.75/Black=0.18 (very precise) .  Missed win:     	---       	Black=1      Mistake:       	White=5     	---        Inaccurate:     	White=1     	---        OK:         	White=4     	Black=5      Best:        	White=2     	Black=1      Strong:       	White=2     	Black=1      Brilliant:      	---       	Black=1} 0-1

[Event "Djerba Festival Open-A 2024"]
[Site "Djerba"]
[Date "2024.02.22"]
[Round "5.4"]
[White "Brahami, Lamine"]
[Black "Amdouni, Zoubaier"]
[Result "0-1"]
[ECO "E11"]
[WhiteElo "2178"]
[BlackElo "2209"]
[Annotator "RC"]
[PlyCount "172"]
[EventDate "2024.02.18"]
[EventType "swiss"]
[EventCountry "TUN"]
[SourceTitle "playchess.com"]
[Source "ChessBase"]
[SourceQuality "1"]
[TimeControl "5400+30"]

1. d4 Nf6 2. c4 e6 3. Nf3 Bb4+ 4. Nbd2 d5 5. e3 O-O 6. a3 Bxd2+ 7. Qxd2 b6 8. cxd5 exd5 9. b4 c6 10. Bb2 a5 11. b5 cxb5 12. Bxb5 Bd7 13. Bd3 Nc6 14. O-O a4 15. Ne5 Na5 16. Qb4 Nb3 17. Rad1 Be8 18. f3 b5 19. Qe1 Nd7 20. Nc6 Qf6 21. Nb4 Nb6 22. e4 Bd7 23. e5 Qe6 24. f4 f5 25. Kh1 Nc4 26. Qe2 Be8 27. Bb1 Bh5 28. Qxh5 Nxb2 29. Rde1 Nxd4 30. Rf2 Nc4 31. Rd1 Nc6 32. Nxd5 Rad8 33. Nc7 Qf7 34. Qxf7+ Kxf7 35. Rc1 Nd4 36. h3 Rc8 37. Na6 Nxa3 38. Ba2+ Ke7 39. Rg1 Rc2 40. Rxc2 Naxc2 41. Rb1 Rc8 42. Nb4 Ne3 43. Kg1 Ndc2 44. Nd3 Na3 45. Re1 Nxg2 46. Re2 Nh4 47. Nb4 Rc5 48. Kf2 Nc4 49. Kg3 Ng6 50. Bb1 Nb6 51. Bxf5 Rc4 52. Re4 a3 53. Rxc4 Nxc4 54. h4 Nf8 55. Bb1 g6 56. Nd5+ Kd7 57. Nb4 Kc7 58. Ba2 Kb6 59. Nc2 Kc5 60. Bxc4 bxc4 61. Nxa3 Kb4 62. Nc2+ Kc3 63. Ne3 Kd3 64. Nd5 Ne6 65. h5 Kd4 66. hxg6 hxg6 67. Nb4 Ke4 68. Kg4 Nxf4 69. Kg5 Kxe5 70. Nc2 Ke4 71. Na3 c3 72. Nc2 Kd3 73. Nb4+ Ke3 74. Nc2+ Kd2 75. Nd4 Kd3 76. Nb3 Kc4 77. Na1 Ne2 78. Kxg6 Kb4 79. Kf5 Ka3 80. Nc2+ Kb3 81. Ne3 Ng3+ 82. Kf4 Nf1 83. Nf5 Kc4 84. Nd6+ Kb4 85. Ne4 c2 86. Nf2 c1=Q+ 0-1

[Event "Djerba Festival Open-A 2024"]
[Site "Djerba"]
[Date "2024.02.22"]
[Round "5.5"]
[White "Travadon, Loic"]
[Black "Merenciano, Alexandre"]
[Result "1-0"]
[ECO "B10"]
[WhiteElo "2460"]
[BlackElo "2194"]
[Annotator "TA"]
[PlyCount "105"]
[EventDate "2024.02.18"]
[EventType "swiss"]
[EventCountry "TUN"]
[SourceTitle "playchess.com"]
[Source "ChessBase"]
[SourceQuality "1"]
[TimeControl "5400+30"]

1. e4 c6 2. Nf3 d5 3. d3 g6 4. e5 Bg7 5. h3 f6 6. exf6 exf6 7. d4 Ne7 8. Be2 {[%emt 0:00:13] The position is equal.} O-O 9. O-O Re8 10. Re1 Nd7 11. c4 Nb6 12. b3 Be6 13. c5 Nd7 {[%emt 0:01:05] [#]} 14. Ba6 $1 bxa6 15. Rxe6 Qc8 16. Re2 Nf8 17. Nc3 g5 18. Qd3 Nfg6 19. Bd2 {[%emt 0:00:13] White is much more active.} h5 (19... a5 $16 20. Rae1 h6) 20. Rae1 $18 Qd7 {[%emt 0:01:11] [#]} 21. Nxg5 fxg5 $16 22. Bxg5 Nf5 $2 {[%emt 0:08:45][%mdl 8192] Loses the game.} (22... Rf8 $16 {was called for.}) 23. Rxe8+ $18 (23. Qxa6 $2 Nxd4 (23... Bxd4 $2 24. Nd1 $19) 24. Rxe8+ Rxe8 25. Rxe8+ Qxe8 $19) 23... Rxe8 24. Rxe8+ Qxe8 25. Qxf5 Qe1+ 26. Kh2 Nf8 (26... Qe8 $142 27. Be3 Nf8) 27. Qd3 $2 (27. Nxd5 {Strongly threatening Ne7+.} cxd5 28. Be3 (28. Qxd5+ Qe6 $18)) 27... Qxf2 28. Be3 (28. Qxa6 $2 Bxd4 (28... Qxd4 29. Qxc6 Be5+ 30. Kh1 $15) 29. Qe2 Qg1+ (29... Bxc5 30. Qxf2 Bxf2 31. Ne2 $11) 30. Kg3 Bxc3 $19) 28... Qe1 29. Ne2 a5 30. Qd2 Qb1 (30... Qxd2 {is a better defense.} 31. Bxd2 Ne6) 31. Qxa5 h4 32. Qd2 (32. Qxa7 Qd3 (32... Qe4 33. Bg1 $11) 33. Bg1 Qxe2 $11) 32... Ne6 33. Bf2 Bf6 34. Qe3 Kf7 35. Qf3 {[%emt 0:00:00] Against Qf5} Ke7 36. Qg4 Qxa2 $2 (36... Qh7 37. Nf4 Nxf4) 37. Bxh4 Qd2 38. Ng3 (38. Bxf6+ Kxf6 39. Qh4+ Kf7 $18) 38... Bxh4 39. Qxh4+ {[%emt 0:00:00][%mdl 4096] Endgame. KQN-KQN} Kd7 40. Nf5 {[%emt 0:00:00] White wants to mate with Qe7+.} Kc8 41. Qh8+ (41. Nd6+ $142 Kd7 42. Qh7+ Kd8 43. Qg8+ (43. Qxa7 Qf4+ 44. Kh1 Qf1+ 45. Kh2 Qf4+ 46. Kg1 Qc1+ 47. Kf2 Qd2+ 48. Kg1 Qc1+ 49. Kf2 Qd2+ 50. Kg1 Qe3+ 51. Kf1 Qc1+ 52. Kf2 $11) 43... Ke7 44. Qf7+ Kd8 45. Qe8+ Kc7 46. Qc8#) 41... Kb7 42. Nd6+ Ka6 43. Qc8+ Ka5 44. Qxe6 {[%emt 0:00:00][%cal Od6c4] Nc4+! would now be deadly.} Ka6 45. Qf6 {[%emt 0:00:00] Prevents Qf4+. White mates.} Qc1 46. Nf7 Kb5 47. Ne5 Kb4 48. Nd3+ ({Weaker is} 48. Qxc6 Qf4+ 49. Kg1 (49. g3 Qf2+ 50. Kh1 Qf1+ 51. Kh2 Qf2+ 52. Kh1 Qf1+ 53. Kh2 Qf2+ $11) 49... Qxd4+ 50. Kf1 Qa1+ 51. Kf2 Qd4+ 52. Kg3 (52. Kf1 Qd1+ 53. Kf2 Qd4+ 54. Kg3 Qxe5+ 55. Kh4 Qe7+ 56. Kh5 Qxc5 $11) 52... Qxe5+ 53. Kg4 Qe4+ 54. Kh5 Qxg2 $11) 48... Ka3 49. Nxc1 a6 50. Qxc6 a5 51. Qxd5 a4 52. c6 axb3 53. Qxb3# {[%emt 0:00:00] Weighted Error Value: White=0.30/Black=0.66.  Loses game:     	---       	Black=1      Mistake:       	White=2     	Black=4      Inaccurate:     	---       	Black=5      OK:         	White=16    	Black=7      Best:        	White=2     	Black=1} 1-0

[Event "Djerba Festival Open-A 2024"]
[Site "Djerba"]
[Date "2024.02.22"]
[Round "5.6"]
[White "Barbaria, Yacine"]
[Black "Araoune, Saadi"]
[Result "1/2-1/2"]
[ECO "B10"]
[WhiteElo "2206"]
[BlackElo "2077"]
[Annotator "RC"]
[PlyCount "166"]
[EventDate "2024.02.18"]
[EventType "swiss"]
[EventCountry "TUN"]
[SourceTitle "playchess.com"]
[Source "ChessBase"]
[SourceQuality "1"]
[TimeControl "5400+30"]

1. e4 c6 2. d3 d5 3. Nd2 e5 4. Ngf3 Bd6 5. d4 exd4 6. exd5 Nf6 7. Nc4 Bb4+ 8. Bd2 Qe7+ 9. Qe2 Bxd2+ 10. Ncxd2 Nxd5 11. Nxd4 O-O 12. Qxe7 Nxe7 13. O-O-O Nd7 14. Ne4 Ne5 15. h3 Rd8 16. f4 N5g6 17. g3 h5 18. h4 Bg4 19. Rd2 Nf5 20. Nxf5 Rxd2 21. Kxd2 Bxf5 22. Bd3 Rd8 23. Re1 Kf8 24. a4 a5 25. Kc3 Ne7 26. Bc4 Nd5+ 27. Bxd5 cxd5 28. Nc5 Rc8 29. Kd4 b6 30. Nb7 Rxc2 31. Kxd5 Be6+ 32. Kd6 Rxb2 33. Kc6 Bb3 34. Re4 Rd2 35. Re5 Bxa4+ 36. Kxb6 Rb2+ 37. Kc7 Bd1 38. Nxa5 f6 39. Re3 Rd2 40. Nc6 Bg4 41. Kb6 Kf7 42. Kc5 Rc2+ 43. Kd5 Bh3 44. Nd4 Bg2+ 45. Kd6 Rd2 46. Kc5 Kg6 47. Kc4 Rd1 48. Kc3 Bf1 49. Rf3 Ba6 50. Re3 Ra1 51. Kd2 Ra2+ 52. Ke1 Ra4 53. f5+ Kf7 54. Nc6 Ra1+ 55. Kf2 Rf1+ 56. Kg2 Rxf5 57. Re7+ Kg6 58. Ra7 Bf1+ 59. Kg1 Kh7 60. Nd4 Rd5 61. Ne6 Bc4 62. Nxg7 Kg6 63. Re7 Rd1+ 64. Kf2 Rd2+ 65. Ke1 Rg2 66. Ne8 Bd5 67. Kf1 Ra2 68. Rg7+ Kf5 69. Rc7 Ra8 70. Rc5 Rxe8 71. Rxd5+ Kg4 72. Kf2 Ra8 73. Rd4+ Kh3 74. Rd3 Ra5 75. Kf3 Rf5+ 76. Ke4 Rf1 77. Rf3 Re1+ 78. Kf5 Ra1 79. Kxf6 Kg4 80. Re3 Ra6+ 81. Ke5 Ra5+ 82. Ke4 Ra4+ 83. Ke5 Ra5+ 1/2-1/2

[Event "Djerba Festival Open-A 2024"]
[Site "Djerba"]
[Date "2024.02.22"]
[Round "5.7"]
[White "Jmila, Omar"]
[Black "Nassr, Lina"]
[Result "0-1"]
[ECO "E03"]
[WhiteElo "2152"]
[BlackElo "2051"]
[Annotator "RC"]
[PlyCount "104"]
[EventDate "2024.02.18"]
[EventType "swiss"]
[EventCountry "TUN"]
[SourceTitle "playchess.com"]
[Source "ChessBase"]
[SourceQuality "1"]
[TimeControl "5400+30"]

1. Nf3 e6 2. g3 Nf6 3. Bg2 d5 4. c4 dxc4 5. Qa4+ Nbd7 6. O-O a6 7. Qxc4 c5 8. Qc2 b5 9. d4 Bb7 10. dxc5 Bxc5 11. Nc3 Rc8 12. Qd3 b4 13. Nd1 O-O 14. Be3 Qb6 15. Bxc5 Nxc5 16. Qd4 Rfd8 17. Qh4 a5 18. Ne3 Nce4 19. Ng5 Nxg5 20. Qxg5 Rc5 21. Qf4 e5 22. Qh4 Rd4 23. g4 h5 24. Bxb7 Qxb7 25. Rfc1 Rxc1+ 26. Rxc1 Qd7 27. Qg5 Nd5 28. gxh5 f6 29. Qf5 Nxe3 30. Rc8+ Kf7 31. Qxd7+ Rxd7 32. fxe3 Rd2 33. Rc7+ Kg8 34. h6 gxh6 35. Ra7 Rxb2 36. Rxa5 Rxe2 37. Ra4 Rxe3 38. Rxb4 Ra3 39. Rb2 Kf7 40. h4 h5 41. Rh2 Ke6 42. Kf1 e4 43. Ke1 Ke5 44. Rb2 f5 45. Kd1 Kf4 46. Rg2 Kf3 47. Rc2 f4 48. Ke1 e3 49. Kf1 Kg3 50. Kg1 f3 51. Kh1 Rd3 52. Rc1 f2 0-1

[Event "Djerba Festival Open-A 2024"]
[Site "Djerba"]
[Date "2024.02.22"]
[Round "5.8"]
[White "Egorov, Konstantin"]
[Black "Lorans, Sylvain"]
[Result "1/2-1/2"]
[ECO "D38"]
[WhiteElo "2118"]
[BlackElo "2076"]
[Annotator "RC"]
[PlyCount "154"]
[EventDate "2024.02.18"]
[EventType "swiss"]
[EventCountry "TUN"]
[SourceTitle "playchess.com"]
[Source "ChessBase"]
[SourceQuality "1"]
[TimeControl "5400+30"]

1. d4 Nf6 2. Nf3 d5 3. c4 e6 4. Nc3 Bb4 5. Bg5 h6 6. Bxf6 Qxf6 7. Qa4+ Nc6 8. e3 O-O 9. Be2 dxc4 10. O-O Qe7 11. Bxc4 Bd7 12. Qc2 Na5 13. Be2 c5 14. a3 Bxc3 15. Qxc3 b6 16. dxc5 Qxc5 17. Qxc5 bxc5 18. b4 cxb4 19. axb4 Nc6 20. b5 Ne7 21. Ne5 Rfd8 22. Bc4 Be8 23. e4 Rdb8 24. Ra5 Rb6 25. Rfa1 Nc8 26. f4 Nd6 27. Rxa7 Rxa7 28. Rxa7 Bxb5 29. Ra8+ Kh7 30. Ba2 f6 31. Nf3 Nxe4 32. h4 Nc3 33. Nd4 Nxa2 34. Nxb5 Rxb5 35. Rxa2 Rb4 36. g3 Kg6 37. Ra5 h5 38. Kf2 Rd4 39. Ke3 Rd5 40. Ra7 Rb5 41. Re7 Rb3+ 42. Kf2 Rb6 43. Ke3 Kh6 44. Re8 Kh7 45. Re7 Kg8 46. Ra7 Rb3+ 47. Kf2 Rb5 48. Re7 e5 49. fxe5 Rxe5 50. Ra7 Kh7 51. Kf3 Kg6 52. Kf4 Rf5+ 53. Ke4 Rf1 54. Ke3 Kh6 55. Ra8 g5 56. Rh8+ Kg6 57. hxg5 Kxg5 58. Rg8+ Kf5 59. Ke2 Ra1 60. Kf3 Ra3+ 61. Kf2 Ra4 62. Kf3 h4 63. gxh4 Rxh4 64. Ra8 Rh3+ 65. Kf2 Rb3 66. Ra4 Kg5 67. Rc4 f5 68. Ra4 Rd3 69. Rb4 Kf6 70. Ke2 Ra3 71. Kf2 Kg5 72. Rc4 f4 73. Rc8 f3 74. Rg8+ Kf5 75. Rf8+ Ke6 76. Rxf3 Rxf3+ 77. Kxf3 Ke5 1/2-1/2

[Event "Djerba Festival Open-A 2024"]
[Site "Djerba"]
[Date "2024.02.22"]
[Round "5.9"]
[White "Kadi, Mohamed El Mouldi"]
[Black "Dwilewicz, Katarzyna"]
[Result "1/2-1/2"]
[ECO "B48"]
[WhiteElo "2067"]
[BlackElo "2129"]
[Annotator "NA RC"]
[PlyCount "60"]
[EventDate "2024.02.18"]
[EventType "swiss"]
[EventCountry "TUN"]
[SourceTitle "playchess.com"]
[Source "ChessBase"]
[SourceQuality "1"]
[TimeControl "5400+30"]

1. e4 c5 2. Nf3 Nc6 3. d4 cxd4 4. Nxd4 e6 5. Nc3 a6 6. Be3 Nf6 7. a3 Be7 8. f4 d6 9. Bd3 O-O 10. O-O Qc7 11. Kh1 Nxd4 12. Bxd4 e5 13. Be3 b5 14. Qf3 Bb7 15. Qh3 Qd7 16. Qf3 Rac8 17. Rad1 Qc7 18. Qh3 Rfe8 19. fxe5 dxe5 20. Bg5 Qb6 21. Bxf6 Bxf6 22. Nd5 Qe6 23. Nxf6+ gxf6 24. Rf5 Kh8 25. Qh4 Rg8 26. Rdf1 Rg6 27. Rh5 Kg7 28. Rxh7+ Kf8 29. Rh8+ Ke7 30. Rxc8 Bxc8 1/2-1/2

[Event "Djerba Festival Open-A 2024"]
[Site "Djerba"]
[Date "2024.02.23"]
[Round "6.1"]
[White "Rudzinska, Michalina"]
[Black "Defromont, Benjamin"]
[Result "0-1"]
[ECO "C45"]
[WhiteElo "2241"]
[BlackElo "2423"]
[Annotator "TA"]
[PlyCount "98"]
[EventDate "2024.02.18"]
[EventType "swiss"]
[EventCountry "TUN"]
[SourceTitle "playchess.com"]
[Source "ChessBase"]
[SourceQuality "1"]
[TimeControl "5400+30"]

1. e4 e5 2. Nf3 Nc6 3. d4 exd4 4. Nxd4 Nf6 5. Nxc6 bxc6 6. Bd3 d5 7. exd5 cxd5 8. O-O Be7 9. c4 O-O 10. Nc3 Be6 11. cxd5 Nxd5 12. Nxd5 {[%emt 0:01:48] The position is equal.} Qxd5 13. Qc2 Qh5 14. Bf4 Bf6 15. Rac1 c5 16. Be2 Qh4 (16... Bg4 $11 17. Bxg4 Qxg4) 17. Bg3 ({Better is} 17. Bd6 $1 $14) 17... Qb4 $11 18. b3 Rac8 19. Bc4 Bxc4 20. Qxc4 Rfd8 21. Bf4 Bd4 22. h3 h6 23. Rc2 Re8 24. Qd3 Re6 25. Bd2 Qb7 26. Bc3 Rg6 27. g3 Rd8 28. Bxd4 cxd4 29. Re1 Rf6 30. Re4 Qd5 31. Rce2 {[%emt 0:01:15] White threatens Re8+ and mate.} g6 32. Re5 Qc6 33. R2e4 Qd7 34. Kg2 Kg7 35. Rc5 Rd6 36. Rc4 Qf5 37. Qf3 Qa5 {[%emt 0:03:02][%cal Od4d3] Threatens to win with ...d3!} 38. Ra4 {[%emt 0:00:59] [#]} (38. Qd3 $11) 38... Qb5 $1 $17 {[%emt 0:02:06] ...d3 is the strong threat.} 39. Rxa7 (39. Qf4 $17 d3 40. Qd2) 39... Rf6 $19 40. Rf4 (40. Qd1 Qf5 41. Rf4 (41. Rxd4 {leads to mate.} Qxf2+ 42. Kh1 Rxd4 43. Qg1 Qf3+ 44. Qg2 Qxg2+ 45. Kxg2 Rd2+ 46. Kg1 Rc6) 41... Qd5+ 42. Kh2 Rxf4 43. gxf4) 40... Rxf4 41. Qxf4 {[%emt 0:00:21][%mdl 4096] Endgame. KQR-KQR} Qd5+ 42. Kh2 d3 {[%emt 0:00:53] ( -> ...d2)} 43. Qd2 Rc8 {[%emt 0:00:50] Dodges Rc7} (43... Qg5 $19 {and Black stays clearly on top.} 44. Qc3+ Kg8) 44. Qb2+ {[%emt 0:01:08][%mdl 8192] White does not recover from this.} (44. Ra5 $17 Qf3 45. Ra4) 44... Kg8 {[%emt 0:01:10] Black mates.} 45. Qd2 Rc2 46. Qf4 d2 47. Qb8+ Kg7 48. Ra8 {[%emt 0:00:19] [#]} Qh1+ $3 49. Kxh1 d1=Q+ {[%emt 0:00:04] Weighted Error Value: White=0.40/Black=0.17 (very precise) .  Mistake:       	White=4     	Black=1      OK:         	White=9     	Black=9      Best:        	White=1     	Black=2      Strong:       	---       	Black=1} 0-1